 Dungeon Crawl Stone Soup version 0.31.0-11-ge490571c62 (webtiles) character file.

Game seed: 12263944433314753974

211 gelatine the Shooter (level 5, -9/44 HPs)
             Began as a Minotaur Hunter on Jan 27, 2024.
             Was an Initiate of Qazlal.
             Mangled by Menkaure (23 damage)
             ... on level 4 of the Dungeon on Jan 28, 2024.
             The game lasted 00:05:20 (2394 turns).

gelatine the Shooter (Minotaur Hunter)              Turns: 2394, Time: 00:05:21

Health: -9/44      AC:  3    Str: 15    XL:     5   Next: 57%
Magic:  4/4        EV: 12    Int:  6    God:    Qazlal [......]
Gold:   139        SH:  5    Dex: 16    Spells: 4/4 levels left

rFire   . . .        a - +0 shortbow
rCold   . . .        (shield currently unavailable)
rNeg    . . .        c - +0 leather armour
rPois   +            (helmet restricted)
rElec   .            (no cloak)
rCorr   .            (no gloves)
SInv    .            (no boots)
Will    .....        o - amulet of reflection
Stlth   +            m - ring of poison resistance
HPRegen 0.27/turn    (no ring)
MPRegen 0.09/turn

%: reflection
@: no status effects
A: horns 2, retaliatory headbutt
a: Renounce Religion


You were on level 4 of the Dungeon.
You worshipped Qazlal.
Qazlal was noncommittal.
You visited 2 branches of the dungeon, and saw 5 of its levels.

You collected 139 gold pieces.

Inventory:

Hand Weapons
 a - a +0 shortbow (weapon)
 l - a +0 sling
Armour
 c - a +0 leather armour (worn)
Jewellery
 m - a ring of poison resistance (left hand)
 o - an amulet of reflection (around neck)
Wands
 p - a wand of mindburst (8)
Scrolls
 b - a scroll of butterflies
 d - a scroll of brand weapon {unknown}
 e - 2 scrolls of teleportation {unknown}
 f - a scroll of fog {unknown}
 g - 3 scrolls of identify {unknown}
 j - 2 scrolls of blinking {unknown}
 k - 2 scrolls of amnesia {unknown}
Potions
 h - 2 potions of curing {unknown}
 i - 3 potions of enlightenment {unknown}
 n - a potion of degeneration {unknown}


   Skills:
 + Level 2.8 Fighting
 + Level 7.1 Ranged Weapons
 + Level 1.7 Armour
 + Level 2.2 Dodging
 + Level 0.8 Stealth


You had 4 spell levels left.
You didn't know any spells.
Your spell library contained the following spells:

 Spells                   Type           Power      Damage    Failure   Level
 Slow                     Hex            0%         N/A       52%         1
 Call Imp                 Summ           0%         N/A       67%         2
 Sublimation of Blood     Necr           0%         N/A       67%         2
 Confusing Touch          Hex            0%         N/A       88%         3
 Sigil of Binding         Hex            0%         N/A       88%         3
 Vampiric Draining        Necr           0%         2d6       88%         3
 Petrify                  Alch/Erth      0%         N/A       99%         4
 Irradiate                Conj/Alch      0%         3d11      100%        5
 Summon Hydra             Summ           0%         N/A       100%        7


Dungeon Overview and Level Annotations

Branches:
Dungeon (4/15)             Temple (1/1) D:4

Altars:
Gozag
Hepliaklqana
Kikubaaqudgha
Makhleb
Okawaru
Qazlal
Ru
Vehumet
Wu Jian
Zin

Annotations:
D:4 Menkaure


Innate Abilities, Weirdness & Mutations

You have a pair of horns on your head.
You reflexively headbutt those who attack you in melee.


Message History

You shoot an arrow.
The arrow hits Menkaure but does no damage.
Menkaure is heavily damaged.
You shoot an arrow. The arrow closely misses Menkaure.
Menkaure casts a spell at you. Pain shoots through your body!
You shoot an arrow.
The arrow hits Menkaure but does no damage.
Menkaure is heavily damaged.
Menkaure mumbles some strange words.
Menkaure seems to speed up.
You shoot an arrow. The arrow barely misses Menkaure.
You shoot an arrow. The arrow hits Menkaure.
Menkaure is heavily damaged.
You shoot an arrow. The arrow completely misses Menkaure.
Menkaure hits you!
* * * LOW HITPOINT WARNING * * *
You are too injured to fight recklessly!
Fire: a) +0 shortbow
Press: ? - help, Q - select action, (/) - cycle Shift-Dir - straight line, f/p - Menkaure
Aim: Menkaure (heavily damaged, fast, 77% to hit)
You shoot an arrow.
The arrow hits Menkaure but does no damage.
Menkaure is heavily damaged.
You block Menkaure's attack.
Fire: a) +0 shortbow
Press: ? - help, Q - select action, (/) - cycle Shift-Dir - straight line, f/p - Menkaure
Aim: Menkaure (heavily damaged, fast, 77% to hit)
You shoot an arrow. The arrow hits Menkaure!
Menkaure is almost destroyed.
You block Menkaure's attack.
Fire: a) +0 shortbow
Press: ? - help, Q - select action, (/) - cycle Shift-Dir - straight line, f/p - Menkaure
Aim: Menkaure (almost destroyed, fast, 77% to hit)
You shoot an arrow.
The arrow hits Menkaure but does no damage.
Menkaure is almost destroyed.
Menkaure mumbles, "Let me perform the rites..."
Menkaure hits you!!
Ouch! That really hurt!
You die...

.......# #. <......# .. #..
.......# ... ##.. .......#
....#...################ .......#
....#................... .......#
#............_.#.......
.......####.#...##.#.............
.......+...................#'####
.......#...#.#..@M..[.....##.#
###......###.#...###.....###.#
.###...###...##......#..## #.#
.'...#........#...........>#.####
.###...##..>..##†...######.#.M..#
...##...#........#..# #.##.#
.#..#.#.##...###....# #.##.#
###+#.#..#.###......# #.##.)
.....#.#........# ######


You could see Menkaure (fast).

Vanquished Creatures
  A jelly (D:4)
  A hound (D:4)
  4 gnolls (D:3)
  4 adders
  2 dart slugs
  4 ball pythons
  2 endoplasms
  A giant cockroach (D:3)
  6 hobgoblins
  3 kobolds
  3 quokkas
  5 bats
  2 frilled lizards
  6 goblins
  4 rats
48 creatures vanquished.

Vanquished Creatures (others)
  A bombardier beetle (D:4)
1 creature vanquished.

Grand Total: 49 creatures vanquished

Notes
Turn   | Place    | Note
-------+----------+-------------------------------------------
     0 | D:1      | gelatine the Minotaur Hunter began the quest for the Orb.
     0 | D:1      | Reached XP level 1. HP: 18/18 MP: 0/0
   171 | D:1      | Reached XP level 2. HP: 25/25 MP: 1/1
   250 | D:1      | Reached skill level 5 in Ranged Weapons
   944 | D:2      | Reached XP level 3. HP: 26/30 MP: 2/2
  1589 | D:3      | Found a radiant altar of Vehumet.
  1592 | D:3      | Reached skill level 6 in Ranged Weapons
  1592 | D:3      | Reached XP level 4. HP: 37/37 MP: 3/3
  1803 | D:3      | Found an ornate altar of the Wu Jian Council.
  2191 | D:4      | Found a staircase to the Ecumenical Temple.
  2198 | Temple   | Entered the Ecumenical Temple
  2202 | Temple   | Became a worshipper of Qazlal Stormbringer
  2214 | D:4      | Reached skill level 1 in Armour
  2214 | D:4      | Reached XP level 5. HP: 42/42 MP: 4/4
  2220 | D:4      | Found an opulent altar of Gozag.
  2292 | D:4      | Reached skill level 7 in Ranged Weapons
  2295 | D:4      | Noticed Menkaure
  2394 | D:4      | Mangled by Menkaure

Illustrated notes

Levels and vault maps discovered:
D:1:      scummos_arrival_checkerplants, layout_loops_ring, serial_forest,
          infiniplex_forest_side_room, infiniplex_forest_zigzag_1,
          infiniplex_forest_clump_medium, infiniplex_forest_lined_corner,
          infiniplex_forest_clump_long, infiniplex_forest_lined_4_way,
          infiniplex_forest_fountain, infiniplex_forest_straight_5,
          infiniplex_forest_corner_1
D:2:      layout_rooms
D:3:      layout_loops_ring, nicolae_overflow_crystal_walls,
          nzn_wu_jian_council_hall
D:4:      layout_basic, nicolae_gozag_seed_capital, old_standard_altar,
          minmay_temple_entry_slanted, kennysheep_potato, uniq_menkaure
Temple:   hellmonk_temple_two_chambers

Skill      XL: |  1  2  3  4  5 |
---------------+----------------+-----
Ranged Weapons | 5 6 7 |  7.1
Armour         | 1 |  1.7
Fighting       | |  2.8
Dodging        | |  2.2
Stealth        | |  0.8

Action                     |  1- 3 |  4- 6 || total
---------------------------+-------+-------++-------
   Fire: Shortbow          |   112 |    58 ||   170
 Armour: Leather armour    |     8 |     8 ||    16
  Dodge: Dodged            |    11 |    11 ||    22
  Block: Other             |       |     6 ||     6
         Reflection        |       |     1 ||     1
